 Dungeon Crawl Stone Soup version 0.24.1-4-ge52af88ad5 (webtiles) character file.

Game seed: 6182024880182023595, levelgen mode: deterministic

981 ougeo the Cutter (level 8, -15/83 HPs)
             Began as an Ogre Hunter on Apr 22, 2020.
             Demolished by Menkaure (20 damage)
             ... on level 5 of the Dungeon.
             The game lasted 00:13:33 (6635 turns).

ougeo the Cutter (Ogre Hunter)                      Turns: 6635, Time: 00:13:33

Health: -15/83     AC:  3    Str: 19    XL:     8   Next: 17%
Magic:  8/8        EV: 10    Int: 17    God:
Gold:   344        SH:  0    Dex:  9    Spells: 7/7 levels left

rFire    . . .     SeeInvis .   g - +2 dagger (elec)
rCold    . . .     Gourm    .   (no shield)
rNeg     . . .     Faith    .   F - +0 robe
rPois    .         Spirit   .   (helmet restricted)
rElec    .         Reflect  .   (no cloak)
rCorr    .         Harm     .   (gloves unavailable)
MR       .....                  (boots unavailable)
Stlth    +.........             (no amulet)
HPRegen  0.23/turn              (no ring)
MPRegen  0.11/turn              (no ring)

@: brilliant
A: large, unfitting armour, tough skin 1
a: no special abilities


You were on level 5 of the Dungeon.
You were not hungry.

You visited 1 branch of the dungeon, and saw 5 of its levels.
You also visited: Sewer.

You collected 344 gold pieces.

Inventory:

Hand Weapons
 a - a +0 short sword
 b - the +2 Maxwell's thermic engine {flame, freeze}
   (You found it on level 5 of the Dungeon)

   It has been specially enchanted to burn those struck by it, causing extra
   injury to most foes and up to half again as much damage against particularly
   susceptible opponents.
   Big, fiery blades are also staple armaments of hydra-hunters.
   It has been specially enchanted to freeze those struck by it, causing extra
   injury to most foes and up to half again as much damage against particularly
   susceptible opponents.
 e - a +0 mace
 g - a +2 dagger of electrocution (weapon)
Missiles
 c - 5 large rocks
 d - 2 throwing nets
 t - 12 poisoned darts (quivered)
 x - 8 atropa-tipped darts
 C - 2 curare-tipped darts
Armour
 F - a +0 robe (worn)
Jewellery
 G - an uncursed ring of protection from fire {unknown}
Scrolls
 h - a scroll of fear {unknown}
 i - 5 scrolls of identify {unknown}
 l - a scroll of random uselessness {unknown}
 m - a scroll of remove curse {unknown}
 n - 2 scrolls of noise {unknown}
 r - 2 scrolls of blinking {unknown}
 w - 2 scrolls of amnesia {unknown}
 y - 2 scrolls of teleportation
 D - a scroll of enchant weapon {unknown}
Potions
 j - a potion of heal wounds {unknown}
 k - 2 potions of curing {unknown}
 o - a potion of degeneration {unknown}
 p - 2 potions of might {unknown}
 q - 2 potions of invisibility {unknown}
 s - a potion of flight {unknown}
 u - a potion of cancellation {unknown}
 v - 2 potions of mutation {unknown}
 z - 3 potions of brilliance
 A - 3 potions of haste {unknown}
 B - a potion of magic {unknown}
Comestibles
 f - 11 rations
 E - a chunk of flesh


   Skills:
 + Level 5.8 Fighting
 * Level 7.1 Short Blades
 - Level 4.6 Throwing
 - Level 1.7 Dodging
 - Level 0.6 Stealth


You had 7 spell levels left.
You didn't know any spells.
Your spell library was empty.

Dungeon Overview and Level Annotations

Branches:
Dungeon (5/15)              Sewer (visited)
 Temple: D:4-7

Altars:
Qazlal
Uskayaw
Yredelemnul

Annotations:
D:2 1 runed translucent door
D:5 3 runed translucent doors, Callino's ghost, novice MfBe; Cunning1Sparkmage's ghost, novice MfAE; MajorAdolf's ghost, novice NaWn; Menkaure; TrebMcFLY's ghost, novice OpFi


Innate Abilities, Weirdness & Mutations

You are too large for most types of armour.
You have tough skin. (AC +1)


Message History

You hit Menkaure.
Menkaure is lightly damaged.
Menkaure hits you.
You are too injured to fight recklessly!
You are too injured to fight recklessly!
You are too injured to fight recklessly!
You are too injured to fight recklessly!
You are too injured to fight recklessly!
You are too injured to fight recklessly!
You hit Menkaure.
Menkaure is lightly damaged.
Menkaure hits you!
You hit Menkaure.
Menkaure is lightly damaged.
Menkaure hits you!!
* * * LOW HITPOINT WARNING * * *
It was a potion of brilliance.
You feel clever all of a sudden. Menkaure hits you!!
You die...

#.......... ..
#####......... ...
#............. M..
###.#....#.####+##.#
.+..)#......####....#
.##..#............###
.......รท.>..........#
.##..#.##+#..##M###.#
.....#.# #..##.@...#
.....+.. #..########
.....#... ....
.....##....##.# .....+
.... .# .....# ....#
## .....# .##### .#


You could see Menkaure.

Vanquished Creatures
  A phantom (D:4)
  A bullfrog (Sewer)
  A scorpion (D:4)
  A hound (D:4)
  4 orc priests
  A centaur skeleton (D:5)
  3 orc wizards
  Natasha (thrice) (D:4)
  2 human skeletons (D:2)
  A hound skeleton (D:5)
  A hound zombie (D:5)
  3 gnolls
  14 adders
  A shadow imp (D:5)
  12 oozes (Sewer)
  A worm (D:3)
  2 dart slugs
  15 leopard geckos
  13 orcs
  7 bats
  16 giant cockroaches
  7 goblins
  4 hobgoblins
  7 jackals
  12 kobolds
  2 quokkas
  9 ball pythons
  14 frilled lizards
  A kobold zombie (D:2)
  9 rats
168 creatures vanquished.

Notes
Turn   | Place    | Note
-------+----------+-------------------------------------------
     0 | D:1      | ougeo the Ogre Hunter began the quest for the Orb.
     0 | D:1      | Reached XP level 1. HP: 22/22 MP: 1/1
   143 | D:1      | Reached XP level 2. HP: 28/29 MP: 2/2
   914 | D:1      | Reached XP level 3. HP: 22/36 MP: 3/3
  1496 | D:2      | Reached skill level 1 in Short Blades
  2232 | D:2      | Reached skill level 2 in Short Blades
  2232 | D:2      | Reached XP level 4. HP: 32/45 MP: 4/4
  2425 | D:2      | Found a hide-covered altar of Uskayaw.
  2856 | D:2      | Found a runed translucent door.
  2856 | D:2      | Noticed a human
  2857 | D:2      | Found a basalt altar of Yredelemnul.
  2866 | D:2      | Reached XP level 5. HP: 46/54 MP: 5/5
  2880 | D:2      | Reached skill level 3 in Short Blades
  4168 | D:3      | Found a stormy altar of Qazlal.
  4169 | D:3      | Noticed a water elemental
  4171 | D:3      | Noticed an air elemental
  4171 | D:3      | Noticed a fire elemental
  4269 | D:4      | Found a glowing drain.
  4304 | D:4      | Reached XP level 6. HP: 58/62 MP: 6/6
  4350 | D:4      | Reached skill level 4 in Short Blades
  4419 | Sewer    | Entered a sewer
  5130 | Sewer    | Reached skill level 5 in Short Blades
  5227 | Sewer    | Reached XP level 7. HP: 48/71 MP: 7/7
  5489 | D:4      | Reached skill level 5 in Fighting
  5718 | D:4      | Noticed Natasha
  5727 | D:4      | Killed Natasha
  5749 | D:4      | Reached skill level 6 in Short Blades
  6178 | D:4      | Noticed Natasha
  6194 | D:4      | Killed Natasha
  6194 | D:4      | Noticed Natasha
  6202 | D:4      | Killed Natasha
  6253 | D:5      | Entered Level 5 of the Dungeon
  6275 | D:5      | Found a basalt altar of Yredelemnul.
  6325 | D:5      | Reached XP level 8. HP: 77/81 MP: 8/8
  6364 | D:5      | Reached skill level 7 in Short Blades
  6547 | D:5      | Found a runed translucent gate.
  6548 | D:5      | Found a runed translucent gate.
  6550 | D:5      | Found a runed translucent gate.
  6551 | D:5      | Noticed MajorAdolf's ghost (novice NaWn)
  6552 | D:5      | Noticed Callino's ghost (novice MfBe)
  6552 | D:5      | Noticed TrebMcFLY's ghost (novice OpFi)
  6552 | D:5      | Noticed Cunning1Sparkmage's ghost (novice MfAE)
  6591 | D:5      | Found the +2 Maxwell's thermic engine {flame, freeze}
  6620 | D:5      | Noticed Menkaure
  6635 | D:5      | Demolished by Menkaure

Levels and vault maps discovered:
D:1:      sevenhm_arrival_forest_fort_small_6, layout_loops_corners
D:2:      layout_basic, eat_drink_and_be_merry_uskayaw, dk_yredelemnul_ordeal
D:3:      layout_loops_ring, first_ration, nicolae_qazlal_style_of_elements
D:4:      layout_loops_ring, portal_sewer_entry_f, uniq_natasha
D:5:      layout_basic, lemuel_crystal_altar, gammafunk_ghost_cemetery,
          uniq_menkaure

Skill      XL: |  1  2  3  4  5  6  7  8 |
---------------+-------------------------+-----
Fighting       | 3 4 5 |  5.8
Short Blades   | 2 3 5 6 7 |  7.1
Throwing       | |  4.6
Dodging        | |  1.7
Stealth        | |  0.6

Action                   |  1- 3 |  4- 6 |  7- 9 || total
-------------------------+-------+-------+-------++-------
Melee: Mace              |    30 |       |       ||    30
       Short sword       |     2 |       |       ||     2
       Dagger            |    68 |   314 |   124 ||   506
Throw: Large rock        |       |     5 |       ||     5
       Dart              |       |    18 |     3 ||    21
  Use: Scroll            |       |       |     1 ||     1
       Potion            |       |       |     1 ||     1
 Stab: Sleeping          |     2 |     3 |       ||     5
  Eat: Chunk             |     4 |    10 |     5 ||    19
Armor: Robe              |    36 |    95 |    12 ||   143
Dodge: Dodged            |    54 |   159 |    33 ||   246
